 Dungeon Crawl Stone Soup version 0.29.1-13-g9f3cf754e1 (webtiles) character file.

Game seed: 10198386814647956043

115 Ast3rio the Trooper (level 4, 0/35 HPs)
             Began as a Vampire Abyssal Knight on Feb 8, 2023.
             Was an Elder of Lugonu.
             Slain by a gnoll
             ... wielding a +0 whip
              (4 damage)
             ... on level 4 of the Dungeon on Feb 9, 2023.
             The game lasted 00:15:13 (2885 turns).

Ast3rio the Trooper (Vampire Abyssal Knight)        Turns: 2885, Time: 00:15:14

Health: 0/35       AC: 12    Str: 14    XL:     4   Next: 68%
Magic:  5/5        EV:  6    Int: 12    God:    Lugonu [****..]
Gold:   219        SH:  0    Dex: 14    Spells: 3/3 levels left

rFire   . . .      SeeInvis +   k - +3 dagger (flame)
rCold   . . .      Faith    .   (no shield)
rNeg    . . .      Spirit   .   i - +0 chain mail
rPois   .          Reflect  .   (no helmet)
rElec   .          Harm     .   (no cloak)
rCorr   .          Rampage  .   h - +0 pair of gloves
Will    .....                   q - +2 pair of boots
Stlth   ..........              (no amulet)
HPRegen 0.31/turn               (no ring)
MPRegen 0.09/turn               (no ring)

@: healing quickly
A: alive, fangs 3, see invisible, vampiric 2
a: Exsanguinate, Renounce Religion, Depart the Abyss, Bend Space, Banish,
Corrupt


You were on level 4 of the Dungeon.
You worshipped Lugonu.
Lugonu was greatly pleased with you.
You visited 1 branch of the dungeon, and saw 4 of its levels.
You visited the Abyss 1 time.

You collected 219 gold pieces.

Inventory:

Hand Weapons
 a - a +1 short sword
 k - a +3 dagger of flaming (weapon)
Armour
 b - a +0 leather armour
 h - a +0 pair of gloves (worn)
 i - a +0 chain mail (worn)
 q - a +2 pair of boots (worn)
Scrolls
 g - 4 scrolls of identify {unknown}
 j - a scroll of summoning {unknown}
 m - a scroll of brand weapon {unknown}
 p - a scroll of teleportation {unknown}
 r - a scroll of noise {unknown}
 v - a scroll of vulnerability {unknown}
Potions
 c - 2 potions of flight {unknown}
 d - a potion of magic {unknown}
 e - 2 potions of resistance {unknown}
 f - a potion of mutation {unknown}
 l - a potion of lignification {unknown}
 n - a potion of invisibility {unknown}
 o - 2 potions of heal wounds {unknown}
 s - a potion of curing {unknown}
 t - a potion of attraction {unknown}
 u - a potion of might {unknown}


   Skills:
 + Level 3.5 Fighting
 + Level 3.5 Short Blades
 + Level 1.9 Armour
 + Level 2.6 Dodging
 + Level 0.8 Stealth
 + Level 1.6 Invocations


You had 3 spell levels left.
You didn't know any spells.
Your spell library was empty.

Dungeon Overview and Level Annotations

Branches:
Dungeon (4/15)
 Temple: D:4-7

Altars:
Fedhas
Kikubaaqudgha
Vehumet
Wu Jian
Yredelemnul

Shops:
D:3 ?


Innate Abilities, Weirdness & Mutations

Your natural rate of healing is accelerated.
You have razor-sharp teeth.
You have supernaturally acute eyesight. (SInv)
You are afflicted with vampirism and can become a bat while bloodless.


Message History

Found a scroll labelled OTHEIQ XEUSUHEE.
A gnoll comes into view. It is wielding a +0 club.
Found a blossoming altar of Fedhas.
The gnoll shouts!
A gnoll comes into view. It is wielding a +0 whip.
The gnoll shouts!
A gnoll comes into view. It is wielding a +0 halberd.
The gnoll shouts!
You closely miss the gnoll. The gnoll completely misses you.
You hit the gnoll. You burn the gnoll. You bite the gnoll, but do no damage.
The gnoll is lightly wounded.
The gnoll barely misses you.
You hit the gnoll. You burn the gnoll.
The gnoll is heavily wounded.
You barely miss the gnoll.
The gnoll is heavily wounded.
The gnoll completely misses you. The gnoll hits you with a +0 club.
The gnoll hits you with a +0 halberd! The gnoll hits you with a +0 whip.
You barely miss the gnoll. The gnoll hits you but does no damage.
The gnoll closely misses you. The gnoll hits you with a +0 whip.
You hit the gnoll. You burn the gnoll.
The gnoll is moderately wounded.
The gnoll hits you but does no damage. x3
You hit the gnoll. You burn the gnoll.
The gnoll is severely wounded.
The gnoll hits you with a +0 club. The gnoll hits you with a +0 whip.
The gnoll hits you with a +0 halberd.
* * * LOW HITPOINT WARNING * * *
You hit the gnoll. You burn the gnoll.
You kill the gnoll!
Lugonu accepts your kill.
The gnoll hits you but does no damage. x2
You hit the gnoll but do no damage. Your bite misses the gnoll.
You hit the gnoll. You burn the gnoll. Your bite misses the gnoll.
The gnoll is lightly wounded.
The gnoll hits you with a +0 club!
* * * LOW HITPOINT WARNING * * *
The gnoll hits you with a +0 whip.
You die...

≈≈.≈.≈...###.###..# .
...≈.....# ...#... .
≈≈≈≈≈≈.#.# ###.... #.#
.....≈†#.###....# .#.#
.≈≈≈.≈.......##.##...# #
.._≈.≈...........#...#.#
≈≈≈≈.≈.#.######.........
.....≈.#.# ##.g......
≈≈≈≈≈≈)#.# #@g......
.......#.# #)#..##..
#......#.# #........
#......#.# #.P.P....
#......#.# ..._.?...
#......#.## ..P.P....
#.........# .........
######....# .........
#....#


You could see 2 gnolls.

Vanquished Creatures
  A gnoll (D:4)
  2 river rats (D:3)
  2 worms (D:2)
  3 dart slugs
  4 orcs (D:4)
  10 ball pythons
  6 bats
  An endoplasm (D:1)
  2 giant cockroaches
  8 hobgoblins
  5 jackals
  10 kobolds
  A quokka (D:1)
  3 frilled lizards
  6 goblins
  5 rats
69 creatures vanquished.

Vanquished Creatures (others)
  2 fungi (D:3)
  7 plants (D:2)
9 creatures vanquished.

Grand Total: 78 creatures vanquished

Notes
Turn   | Place    | Note
-------+----------+-------------------------------------------
     0 | Abyss:1  | Ast3rio the Vampire Abyssal Knight began the quest for the
                  | Orb.
     0 | Abyss:1  | Reached XP level 1. HP: 17/17 MP: 2/2
     1 | D:1      | Escaped the Abyss
   303 | D:1      | Reached XP level 2. HP: 21/24 MP: 3/3
   364 | D:1      | Found a faded altar of an unknown god.
   515 | D:1      | Reached skill level 1 in Armour
   732 | D:1      | Reached *** piety under Lugonu
   764 | D:1      | Gained mutation: You are afflicted with vampirism and can
                  | become a bat while bloodless. [Vampire growth]
   764 | D:1      | Reached XP level 3. HP: 19/29 MP: 4/4
  1939 | D:3      | Found Diaz's Magic Scroll Emporium.
  2064 | D:3      | Found a basalt altar of Yredelemnul.
  2275 | D:3      | Found an ornate altar of the Wu Jian Council.
  2288 | D:3      | Reached XP level 4. HP: 35/35 MP: 5/5
  2288 | D:3      | Reached **** piety under Lugonu
  2796 | D:4      | Found a radiant altar of Vehumet.
  2819 | D:4      | Found an ancient bone altar of Kikubaaqudgha.
  2871 | D:4      | Found a blossoming altar of Fedhas.
  2885 | D:4      | Slain by a gnoll

Illustrated notes

Levels and vault maps discovered:
D:1:      dpeg_arrival_another_circle, layout_basic,
          ebering_ecumenical_altar_webs
D:2:      cheibrodos_old_hovel, layout_basic
D:3:      layout_loops_corners, mainiacjoe_overflow_swirl,
          mainiacjoe_overflow_chevrons, serial_shops, shop_scrolls,
          portal_sewer_entry_b
D:4:      layout_rooms, fedhas_altar_1, lemuel_tele_altar,
          mainiacjoe_overflow_catwalk_spiral, serial_shops,
          nicolae_inconvenience_store, gup_ossuary_entry_pyramid,
          minmay_statues_item, grunt_ministairs_9, minmay_shop_grid_forest

Skill      XL: |  1  2  3  4 |
---------------+-------------+-----
Fighting       | 3 |  3.5
Armour         | 1 |  1.9
Short Blades   | 3 |  3.5
Dodging        | |  2.6
Stealth        | |  0.8
Invocations    | |  1.6

Action                   |  1- 3 |  4- 6 || total
-------------------------+-------+-------++-------
Melee: Short sword       |    75 |       ||    75
       Bite              |    14 |     7 ||    21
       Punch             |     1 |       ||     1
       Dagger            |    71 |    63 ||   134
Armor: Leather armour    |    17 |       ||    17
       Chain mail        |   119 |    63 ||   182
Dodge: Dodged            |   119 |    33 ||   152
